 Dungeon Crawl Stone Soup version 0.29-a0-321-gf1c400731a (webtiles) character file.

Game seed: 15951905002811466332

451 wakim the Ruffian (level 6, 0/62 HPs)
             Began as a Troll Gladiator on Apr 3, 2022.
             Slain by a gnoll
             ... wielding a +2 flail of protection
              (8 damage)
             ... on level 4 of the Dungeon.
             The game lasted 00:07:15 (2702 turns).

wakim the Ruffian (Troll Gladiator)                 Turns: 2702, Time: 00:07:16

Health: 0/62       AC:  5    Str: 23    XL:     6   Next: 75%
Magic:  5/5        EV: 10    Int:  6    God:
Gold:   167        SH:  0    Dex: 11    Spells: 5/5 levels left

rFire   . . .      SeeInvis .     - Unarmed
rCold   . . .      Faith    .   (no shield)
rNeg    + . .      Spirit   .   a - +0 robe
rPois   .          Reflect  .   b - +1 hat
rElec   .          Harm     .   (no cloak)
rCorr   .          Rampage  .   (gloves unavailable)
Will    .....                   (boots unavailable)
Stlth   +.........              (no amulet)
HPRegen 1.00/turn               R - ring of positive energy
MPRegen 0.09/turn               (no ring)

@: no status effects
A: large, unfitting armour, claws 3, regeneration 1, shaggy fur 1, tough skin 1
a: no special abilities


You were on level 4 of the Dungeon.
You visited 1 branch of the dungeon, and saw 5 of its levels.

You collected 167 gold pieces.

Inventory:

Hand Weapons
 W - the +6 falchion "Tareim" {speed, rPois rCorr Stlth+}
   (You found it on level 4 of the Dungeon)

   Attacks with this weapon are significantly faster.
   rPois:     It protects you from poison.
   rCorr:     It protects you from acid and corrosion.
   Stlth:     It makes you more stealthy.
Missiles
 d - a large rock (quivered) {=f}
Armour
 a - a +0 robe (worn)
 b - a +1 hat (worn)
 Z - the +3 cloak of Insecurity {*Slow Int+8 Dex-4 SInv}
   (You found it on level 4 of the Dungeon)

   Int:       It affects your intelligence (+8).
   Dex:       It affects your dexterity (-4).
   SInv:      It lets you see invisible.
   *Slow:     It may slow you when you take damage.
Jewellery
 R - a ring of positive energy (left claw)
Scrolls
 T - 2 scrolls of teleportation
Potions
 g - a potion of haste {unknown}
 S - a potion of brilliance {unknown}
 U - a potion of berserk rage {unknown}
 V - a potion of ambrosia {unknown}
 X - a potion of experience {unknown}
 Y - a potion of degeneration {unknown}


   Skills:
 * Level 4.0 Fighting
 + Level 3.2 Throwing
 - Level 2.4 Dodging
 * Level 5.3 Unarmed Combat


You had 5 spell levels left.
You didn't know any spells.
Your spell library contained the following spells:

 Spells                   Type           Power      Damage    Failure   Level
 Sandblast                Erth           0%         2d4       45%         1
 Passwall                 Tmut/Erth      0%         N/A       58%         2
 Conjure Flame            Conj/Fire      0%         6-21      83%         3
 Ignite Poison            Fire/Tmut/Pois 0%         N/A       83%         3
 Stone Arrow              Conj/Erth      0%         3d7       83%         3
 Sticky Flame             Conj/Fire      0%         2d3       99%         4


Dungeon Overview and Level Annotations

Branches:
Dungeon (5/15)
 Temple: D:4-7

Altars:
Gozag

Annotations:
D:3 3 runed translucent doors, p0werm0de's ghost, amateur MyGl
D:5 Dowan; Duvessa


Innate Abilities, Weirdness & Mutations

You are too large for most types of armour.
You have claws for hands.
Your natural rate of healing is unusually fast.
You are covered in fur. (AC +1)
You have tough skin. (AC +1)


Message History

The gnoll hits you with a +2 flail of protection!
* * * LOW HITPOINT WARNING * * *
27/62 (-7)
You scratch the gnoll.
You kill the gnoll!
The gnoll hits you with a +2 flail of protection!
* * * LOW HITPOINT WARNING * * *
The gnoll closely misses you. 17/62 (-10)
You scratch the gnoll but do no damage. The gnoll closely misses you.
The gnoll barely misses you. 18/62 (+1) Unknown command.
The gnoll hits you with a +2 flail of protection.
* * * LOW HITPOINT WARNING * * *
There is a stone staircase leading up, spattered with blood here. 15/62 (-3)
You closely miss the gnoll. The gnoll barely misses you.
The gnoll hits you from afar with a +0 spear.
* * * LOW HITPOINT WARNING * * *
12/62 (-3)
The gnoll hits you with a +2 flail of protection.
* * * LOW HITPOINT WARNING * * *
The gnoll closely misses you.
You climb upwards.
There is a stone staircase leading down here. 9/62 (-3)
The gnoll attacks as you move away!
The gnoll closely misses you. 10/62 (+1)
The gnoll attacks as you move away!
The gnoll hits you with a +2 flail of protection.
* * * LOW HITPOINT WARNING * * *
5/62 (-5)
You feel better.
The gnoll hits you with a +2 flail of protection!
* * * LOW HITPOINT WARNING * * *
7/62 (+2)
You scratch the gnoll but do no damage.
The gnoll hits you with a +2 flail of protection!
You die...

#.######## #.# #.#
.........####### #####.# #.#
..######.......# #.....# #.#
..#....#.......# #.####### #.#
..#.#..#.......#####.#.....###.#
..#.#<.#.......#.[...)....(....#
...............)>....#.#...#####
..#......###.###g#####[#.###
..#.########.###@# #.#.#######
..#..............# #.#...)...#
..#.#.#.####.#########.#######.#
..#.#.#.#>..............# #.#
..#.#.#.#.##.############ #.#
......#.#.##.# #.#
....###.#.##)# ########## #.#
##.####.#.##)###........# #.#
......#(#.#..)...######.# #.#


You could see a gnoll.

Vanquished Creatures
  A scorpion (D:4)
  A hound (D:4)
  A jelly (D:4)
  2 gnoll shamans (D:4)
  An iguana (D:5)
  An orc wizard (D:4)
  11 gnolls
  3 adders
  3 dart slugs
  10 orcs
  5 endoplasms
  3 giant cockroaches
  4 goblins
  3 hobgoblins
  7 jackals (D:1)
  8 kobolds
  A quokka (D:4)
  6 ball pythons
  4 bats
  5 frilled lizards
  2 rats
82 creatures vanquished.

Notes
Turn   | Place    | Note
-------+----------+-------------------------------------------
     0 | D:1      | wakim the Troll Gladiator began the quest for the Orb.
     0 | D:1      | Reached XP level 1. HP: 19/19 MP: 0/0
    47 | D:1      | Reached XP level 2. HP: 28/28 MP: 1/1
   154 | D:1      | Found a faded altar of an unknown god.
   284 | D:1      | Reached XP level 3. HP: 35/35 MP: 2/2
  1110 | D:3      | Reached XP level 4. HP: 35/44 MP: 3/3
  1177 | D:3      | Reached skill level 4 in Unarmed Combat
  1330 | D:3      | Found a runed translucent gate.
  1330 | D:3      | Found a runed translucent gate.
  1331 | D:3      | Found a runed translucent gate.
  1331 | D:3      | Found an opulent altar of Gozag.
  1334 | D:3      | Noticed a sky beast
  1335 | D:3      | Noticed p0werm0de's ghost (amateur MyGl)
  1746 | D:4      | Identified the +6 falchion "Tareim" {speed, rPois rCorr
                  | Stlth+}
  1748 | D:4      | !bestwep
  1843 | D:4      | Reached XP level 5. HP: 50/53 MP: 4/4
  2289 | D:4      | Identified the +3 cloak of Insecurity {*Slow Int+8 Dex-4
                  | SInv}
  2465 | D:4      | Reached XP level 6. HP: 51/61 MP: 5/5
  2519 | D:5      | Entered Level 5 of the Dungeon
  2519 | D:5      | Noticed Duvessa
  2519 | D:5      | Noticed Dowan
  2570 | D:4      | Reached skill level 5 in Unarmed Combat
  2702 | D:4      | Slain by a gnoll

Illustrated notes

# #.### ##.#..
..#$#######
...........
#.......#
#.#...# #
####.#@..#.#.#
.##.............
.......#†..#.#.#
##....<...# ..
#....##.## .
#.... ... #.##.
..... ..> ..
...... ## ##
......


Turn 1748 on D:4: !bestwep

Levels and vault maps discovered:
D:1:      sevenhm_arrival_forest_fort_small_4, layout_basic, serial_curves,
          eino_curves_01, eino_curves_02,
          hellmonk_ecumenical_altar_pennies_from_heaven
D:2:      layout_loops_ring
D:3:      cheibrodos_helix_gallery, layout_loops_ring, ebering_ghost_gozag,
          roderic_roman_lattice
D:4:      layout_basic, serial_glass, glass_columns_b, glass_columns_a,
          feat_on_display, minmay_strange_pillars, minmay_crystal_water
D:5:      layout_cave_pools, uniq_eustachio, uniq_duvessa, uniq_edmund

Skill      XL: |  1  2  3  4  5  6 |
---------------+-------------------+-----
Throwing       | 2 3 |  3.2
Fighting       | 2 3 4 |  4.0
Unarmed Combat | 4 5 |  5.3
Dodging        | |  2.4

Action                   |  1- 3 |  4- 6 || total
-------------------------+-------+-------++-------
Melee: Unarmed           |    90 |   112 ||   202
       Punch             |       |     4 ||     4
Throw: Throwing net      |       |     3 ||     3
  Use: Scroll            |     4 |     3 ||     7
       Potion            |       |     1 ||     1
 Stab: Sleeping          |     3 |     1 ||     4
Armor: Robe              |    32 |    24 ||    56
Dodge: Dodged            |    39 |    60 ||    99

Table legend: (Time is in decaauts)
 A = Elapsed time spent in this place.
 B = Non-inter-level travel time spent in this place.
 C = Inter-level travel time spent in this place.
 D = Time resting spent in this place.
 E = Time spent auto-exploring this place.
 F = Levels seen in this place.
 G = Mean time per level.
                   A        B        C        D        E       F      G
               +--------+--------+--------+--------+--------+-----+--------+
         Total |   2699 |   2504 |    195 |     30 |   1940 |   5 |  539.8 |
       Dungeon |   2699 |   2504 |    195 |     30 |   1940 |   5 |  539.8 |
               +--------+--------+--------+--------+--------+-----+--------+

Top non-repeatable levels by time:
     D:4: 852 daAuts
     D:3: 732 daAuts
     D:2: 641 daAuts
     D:1: 405 daAuts
     D:5: 66 daAuts
